 Dungeon Crawl Stone Soup version 0.29.1-1-gd02db6906a (webtiles) character file.

Game seed: 1432134269705991806

7602 jamesp the Grappler (level 10, -5/106 (107) HPs)
             Began as a Troll Monk on Sept 21, 2022.
             Was a Believer of Wu Jian.
             Killed by the air
             ... invoked by Gastronok
              (26 damage)
             ... on level 8 of the Dungeon.
             The game lasted 00:24:40 (6994 turns).

jamesp the Grappler (Troll Monk)                    Turns: 6994, Time: 00:24:41

HP:   -5/106 (107)  AC: 10    Str: 25    XL:     10   Next: 97%
MP:   9/9           EV: 14    Int:  6    God:    Wu Jian [**....]
Gold: 403           SH:  0    Dex: 12    Spells: 9/9 levels left

rFire   . . .      SeeInvis .     - Unarmed
rCold   . . .      Faith    .   (no shield)
rNeg    . . .      Spirit   .   R - +0 swamp dragon scales
rPois   +          Reflect  .   (helmet restricted)
rElec   .          Harm     .   N - +0 cloak
rCorr   .          Rampage  .   (gloves unavailable)
Will    .....                   (boots unavailable)
Stlth   +.........              w - amulet of the acrobat
HPRegen 1.07/turn               f - +4 ring of evasion
MPRegen 0.11/turn               (no ring)

@: slowed, lightly drained, very slow
A: large, unfitting armour, claws 3, regeneration 1, shaggy fur 1, tough skin 1
a: Renounce Religion, Wall Jump


You were on level 8 of the Dungeon.
You worshipped Wu Jian.
Wu Jian was pleased with you.
You visited 2 branches of the dungeon, and saw 9 of its levels.
You also visited: Sewer and Ossuary.

You collected 403 gold pieces.

Inventory:

Hand Weapons
 J - a +0 giant club
 Q - a +0 long sword of flaming
Missiles
 e - 45 stones (quivered)
 l - 8 poisoned darts
 s - 6 javelins
 I - 7 boomerangs
 O - 3 silver javelins
Armour
 a - a +1 robe
 M - a +1 robe of willpower
 N - a +0 cloak (worn)
 R - +0 swamp dragon scales (worn)
Magical Staves
 u - a staff of air
 L - a staff of cold
Jewellery
 f - a +4 ring of evasion (left claw)
 w - an amulet of the acrobat (around neck)
 B - an amulet of magic regeneration
 P - an amulet of guardian spirit
Wands
 k - a wand of flame (17)
 n - a wand of polymorph (13)
 y - a wand of iceblast (20)
Scrolls
 c - 2 scrolls of enchant weapon
 g - 4 scrolls of identify
 h - a scroll of blinking
 j - 3 scrolls of enchant armour
 m - 3 scrolls of immolation {unknown}
 p - 8 scrolls of teleportation
 A - a scroll of vulnerability {unknown}
 C - a scroll of butterflies {unknown}
 D - 3 scrolls of amnesia {unknown}
 H - 2 scrolls of poison {unknown}
 K - a scroll of magic mapping {unknown}
Potions
 b - 3 potions of ambrosia
 d - 5 potions of curing
 i - 2 potions of berserk rage
 o - 3 potions of might
 q - 2 potions of heal wounds {unknown}
 r - 3 potions of brilliance
 t - a potion of magic {unknown}
 v - 2 potions of mutation
 x - 3 potions of haste
 z - 3 potions of attraction
 E - 2 potions of degeneration {unknown}
 F - 4 potions of flight
 G - a potion of cancellation {unknown}
 S - a potion of invisibility {unknown}
 T - a potion of lignification {unknown}


   Skills:
 + Level 9.5 Fighting
 - Level 7.0 Throwing
 - Level 4.0 Dodging
 - Level 1.0 Stealth
 + Level 11.2 Unarmed Combat
 + Level 2.8 Evocations


You had 9 spell levels left.
You didn't know any spells.
Your spell library contained the following spells:

 Spells                   Type           Power      Damage    Failure   Level
 Slow                     Hex            0%         N/A       61%         1
 Summon Small Mammal      Summ           0%         N/A       61%         1
 Call Canine Familiar     Summ           0%         N/A       93%         3
 Confusing Touch          Hex            0%         N/A       93%         3
 Summon Guardian Golem    Hex/Summ       0%         N/A       93%         3
 Tukima's Dance           Hex            0%         N/A       93%         3
 Vampiric Draining        Necr           0%         2d6       93%         3
 Fulminant Prism          Conj/Hex       0%         3d6       100%        4
 Iskenderun's Mystic Bla  Conj/Tloc      0%         2d3       100%        4
 Passage of Golubria      Tloc           0%         N/A       100%        4
 Lee's Rapid Deconstruct  Erth           0%         3d5*      100%        5
 Yara's Violent Unravell  Hex/Tmut       0%         3d3       100%        5


Dungeon Overview and Level Annotations

Branches:
Dungeon (8/15)             Temple (1/1) D:7           Sewer (visited)
Ossuary (visited)
   Lair: D:8-11

Altars:
Cheibriados
Dithmenos
Elyvilon
Fedhas
Gozag
Hepliaklqana
Kikubaaqudgha
Makhleb
Okawaru
Qazlal
Sif Muna
Trog
Wu Jian
Xom
Yredelemnul
Zin
The Shining One

Annotations:
D:5 3 runed translucent doors, CertainDeath's ghost, amateur TrTm; GigaChad's ghost, novice MiFi; TheBeaver's ghost, weakling DsDe; turdburglar's ghost, novice DsTm
D:8 2 runed translucent doors, Gastronok; Rudyous's ghost, novice MiFi


Innate Abilities, Weirdness & Mutations

You are too large for most types of armour.
You have claws for hands.
Your natural rate of healing is unusually fast.
You are covered in fur. (AC +1)
You have tough skin. (AC +1)


Message History

You claw Gastronok! You claw Gastronok!!
Gastronok is moderately wounded.
Gastronok bites you but does no damage.
You barely miss Gastronok.
Gastronok is moderately wounded.
You claw Gastronok!
Gastronok is moderately wounded.
Gastronok barely misses you.
You mangle Gastronok!!
Gastronok is heavily wounded.
Gastronok bites you!!
You mangle Gastronok!!
Gastronok is severely wounded.
You mangle Gastronok!!
Gastronok is severely wounded.
Gastronok gurgles, "Are you a wizard?
Wizards taste nice..."
Gastronok bites you!
You claw Gastronok!
Gastronok is almost dead.
You scratch Gastronok but do no damage.
Gastronok is almost dead.
Gastronok bites you!!
* * * LOW HITPOINT WARNING * * *
You claw Gastronok!
Gastronok is almost dead.
Gastronok closely misses you.
You feel better.
You scratch Gastronok.
Gastronok is almost dead.
Gastronok bites you!!
* * * LOW HITPOINT WARNING * * *
You feel better.
Gastronok bubbles merrily.
You scratch Gastronok.
Gastronok is almost dead.
You scratch Gastronok.
Gastronok is almost dead.
Gastronok waves his eye-stalks in wide circles.
The air twists around and strikes you!!
You die...

########.###.#
...........#.#
######....#.#
#.........#.#
#........##.#
+...........#
#...).#######
#.....+
#...@.#
#...w.#
#........#
###......#
#......#
#.#+#### .. ##


You could see Gastronok (swift).

Vanquished Creatures
  Pikel (D:6)
  Maggie (D:7)
  6 gargoyles (D:7)
  A steam dragon (D:8)
  A water moccasin (D:5)
  3 orc warriors
  An ice beast (D:8)
  A hornet zombie (Ossuary)
  2 ogres (D:6)
  2 phantoms
  A centaur (D:7)
  2 bullfrogs
  A kobold brigand (Sewer)
  2 wyvern zombies (Ossuary)
  3 scorpions
  2 water moccasin zombies (Ossuary)
  8 wights
  5 bullfrog zombies (Ossuary)
  4 centaur zombies (Ossuary)
  A hound (D:5)
  8 orc priests
  A gnoll bouda (D:6)
  Crazy Yiuf (D:6)
  11 mummies (Ossuary)
  5 orc wizards
  5 killer bee zombies (Ossuary)
  5 howler monkey zombies (Ossuary)
  9 gnolls
  11 adders
  4 river rats (Sewer)
  A white imp (D:8)
  An ufetubus (D:7)
  2 worms
  2 dart slugs
  37 orcs
  4 endoplasms (D:1)
  3 giant cockroaches
  5 hobgoblins
  11 jackals
  7 kobolds
  4 quokkas
  13 ball pythons
  4 bats
  7 frilled lizards
  6 goblins
  7 rats
222 creatures vanquished.

Vanquished Creatures (others)
  3 fungi (D:1)
  13 plants
  3 withered plants
19 creatures vanquished.

Grand Total: 241 creatures vanquished

Notes
Turn   | Place    | Note
-------+----------+-------------------------------------------
     0 | D:1      | jamesp the Troll Monk began the quest for the Orb.
     0 | D:1      | Reached XP level 1. HP: 22/22 MP: 0/0
   105 | D:1      | Found a faded altar of an unknown god.
   115 | D:1      | Reached XP level 2. HP: 29/29 MP: 1/1
   367 | D:1      | Reached XP level 3. HP: 36/36 MP: 2/2
   762 | D:1      | Reached XP level 4. HP: 40/45 MP: 3/3
  1240 | D:3      | Reached skill level 4 in Unarmed Combat
  1241 | D:3      | Reached XP level 5. HP: 50/53 MP: 4/4
  1275 | D:3      | Found a glowing drain.
  1315 | Sewer    | Entered a sewer
  1737 | Sewer    | Reached XP level 6. HP: 62/62 MP: 5/5
  2477 | D:4      | Found a snail-covered altar of Cheibriados.
  2666 | D:4      | You fall into a shaft and drop 1 floor!
  2666 | D:5      | Entered Level 5 of the Dungeon
  2791 | D:5      | Reached skill level 5 in Unarmed Combat
  2866 | D:5      | Reached XP level 7. HP: 67/71 MP: 6/6
  2879 | D:5      | Found a glowing golden altar of the Shining One.
  3022 | D:5      | Found a sand-covered staircase.
  3029 | Ossuary  | Entered an ossuary
  3054 | Ossuary  | Reached skill level 5 in Fighting
  3054 | Ossuary  | Reached skill level 6 in Unarmed Combat
  3221 | Ossuary  | Reached XP level 8. HP: 81/81 MP: 7/7
  3286 | Ossuary  | Reached skill level 7 in Unarmed Combat
  3298 | Ossuary  | Reached skill level 1 in Throwing
  3465 | Ossuary  | Reached skill level 10 in Unarmed Combat
  3465 | Ossuary  | Reached XP level 9. HP: 97/97 MP: 8/8
  3486 | D:5      | Found a runed translucent gate.
  3486 | D:5      | Found a runed translucent gate.
  3486 | D:5      | Noticed TheBeaver's ghost (weakling DsDe)
  3487 | D:5      | Found a runed translucent gate.
  3487 | D:5      | Noticed turdburglar's ghost (novice DsTm)
  3487 | D:5      | Noticed CertainDeath's ghost (amateur TrTm)
  3487 | D:5      | Noticed GigaChad's ghost (novice MiFi)
  3643 | D:4      | Found a shimmering blue altar of Sif Muna.
  5072 | D:6      | Noticed Pikel
  5078 | D:6      | Killed Pikel
  5079 | D:6      | Reached XP level 10. HP: 96/106 MP: 9/9
  5278 | D:6      | Found a runed translucent door.
  5279 | D:6      | Noticed Crazy Yiuf
  5285 | D:6      | Killed Crazy Yiuf
  5606 | D:7      | Found a staircase to the Ecumenical Temple.
  5612 | D:7      | Reached skill level 1 in Evocations
  5666 | Temple   | Entered the Ecumenical Temple
  5707 | Temple   | Became a worshipper of the Wu Jian Council
  5707 | Temple   | Reached * piety under Wu Jian
  5707 | Temple   | Reached ** piety under Wu Jian
  5858 | D:7      | Found a basalt altar of Yredelemnul.
  5942 | D:7      | Noticed a gargoyle
  5944 | D:7      | Noticed a gargoyle
  5953 | D:7      | Killed a gargoyle
  5963 | D:7      | Killed a gargoyle
  5987 | D:7      | Noticed a gargoyle
  6000 | D:7      | Killed a gargoyle
  6074 | D:7      | Noticed a gargoyle
  6075 | D:7      | Noticed a gargoyle
  6093 | D:7      | Killed a gargoyle
  6098 | D:7      | Killed a gargoyle
  6099 | D:7      | Reached skill level 11 in Unarmed Combat
  6181 | D:7      | Noticed a gargoyle
  6187 | D:7      | Killed a gargoyle
  6414 | D:7      | Noticed Maggie
  6423 | D:7      | Killed Maggie
  6622 | D:8      | Found a large runed translucent door.
  6624 | D:8      | Found a large runed translucent door.
  6626 | D:8      | Noticed Rudyous's ghost (novice MiFi)
  6975 | D:8      | Noticed Gastronok
  6994 | D:8      | Killed from afar by Gastronok

Illustrated notes

Levels and vault maps discovered:
D:1:      elethiomel_arrival_shortcut, layout_rooms,
          shapermc_ecumenical_altar_gd, roderic_serpentine_path
D:2:      layout_rooms, minivault_26
D:3:      layout_basic, cheibrodos_sewer_entry_drain, st_stairs_13
D:4:      layout_loops_cross, kennysheep_slug_shrine,
          mainiacjoe_overflow_24_doors, kennysheep_doodads
D:5:      layout_layer_cave, mainiacjoe_overflow_small_starburst,
          gammafunk_ghost_cemetery, enter_ossuary_3
D:6:      layout_loops_corners, hangedman_decor_diamond_cutter, uniq_pikel,
          uniq_crazy_yiuf_cottage
D:7:      cheibrodos_statue_roulette, layout_basic,
          mainiacjoe_overflow_cross_hatched, minmay_temple_entry_wispy,
          uniq_maggie
D:8:      layout_basic, ebering_ghost_disaster_area, uniq_gastronok, uniq_erica
Temple:   nicolae_temple_god_jail

Skill      XL: |  1  2  3  4  5  6  7  8  9 10 |
---------------+-------------------------------+-----
Dodging        | 3 4 |  4.0
Fighting       | 3 4 5 8 9 |  9.5
Unarmed Combat | 4 5 6 10 11 | 11.2
Throwing       | 6 7 |  7.0
Evocations     | 2 |  2.8
Stealth        | |  1.0

Action                   |  1- 3 |  4- 6 |  7- 9 | 10-12 || total
-------------------------+-------+-------+-------+-------++-------
Melee: Unarmed           |    90 |   172 |   251 |   160 ||   673
       Punch             |     2 |     6 |    12 |    13 ||    33
Throw: Stone             |       |     3 |       |     2 ||     5
Invok: Lunge             |       |       |       |     7 ||     7
 Abil: Wall Jump         |       |       |       |     1 ||     1
Evoke: Wand              |       |       |       |    10 ||    10
  Use: Scroll            |       |     8 |     4 |       ||    12
       Potion            |       |       |     1 |     2 ||     3
 Stab: Sleeping          |     1 |     3 |     1 |       ||     5
Armor: Robe              |    23 |    35 |    36 |     9 ||   103
       Swamp dragon scal |       |       |       |     3 ||     3
Dodge: Dodged            |    58 |   104 |   147 |   106 ||   415
